Map: Ever Dream LE

Players

Nice - Winner!

  • Race: Protoss Protoss
  • Spawn Location: 1:00

Sen

  • Race: Zerg Zerg
  • League: Grandmaster
  • Spawn Location: 7:00

Event: DreamHack SC2 Masters 2020 Summer TwHkMoJp

VOD

Have the link to the VOD?

Description

Time

  • Played on: June 24, 2020, 7:29 a.m.
  • Length: 12:18

All games in this series

Show
View Real Time Build Order
Export as new Build Order

Nice Protoss - Winner!

Build Orders: 1 Gate Expand, Oracle Opening 

Get SALT Encoding   

  12  0:01  Probe  
  13  0:13  Probe  
  14  0:19  Pylon  
  14  0:25  Probe  
  15  0:35  Probe  
  15  0:41  Gateway  
  16  0:43  Probe  
  17  0:52  Pylon, Probe  
  18  1:01  Assimilator  
  18  1:04  Probe  
  19  1:17  Probe  
  20  1:28  Cybernetics Core  
  20  1:39  Nexus  
  20  1:46  Pylon  
  20  1:53  Assimilator  
  20  1:54  Probe  
  21  1:56  Adept  
  21  2:06  Probe  
  21  2:07  Warp Gate  
  24  2:17  Adept  
  24  2:18  Probe  
  27  2:30  Probe  
  28  2:42  Probe  
  29  2:46  Stalker  
  29  2:51  Probe  
  31  2:54  Probe  
  31  2:56  Stargate  
  33  2:59  Probe  
  34  3:06  Probe  
  34  3:08  Probe  
  36  3:16  Adept  
  36  3:18  Probe  
  39  3:20  Probe  
  40  3:31  Probe  
  40  3:32  Oracle  
  40  3:33  Probe  
  40  3:35  Gateway  
  40  3:40  Pylon  
  43  3:43  Probe  
  43  3:46  Probe  
  45  3:52  Pylon  
  45  3:55  Probe  
  46  3:58  Probe  
  46  4:00  Gateway  
  46  4:01  Phoenix  
  47  4:07  Probe  
  47  4:08  Adept  
  52  4:11  Probe  
  52  4:15  Pylon  
  53  4:19  Assimilator, Probe  
  53  4:21  Oracle  
  53  4:22  Assimilator  
  53  4:23  Probe  
  58  4:31  Probe  
  58  4:35  Probe  
  60  4:43  Probe  
  61  4:47  Oracle, Probe  
  58  4:55  Probe  
  62  5:07  Probe x2  
  62  5:09  Adept x3, Pylon  
  62  5:10  Pylon  
  70  5:18  Oracle  
  70  5:21  Nexus  
  70  5:23  Pylon  
  70  5:25  Pylon  
  70  5:27  Probe x2  
  75  5:33  Adept  
  75  5:34  Adept  
  79  5:36  Adept  
  79  5:40  Probe x2  
  79  5:42  Stargate  
  83  5:47  Oracle, Shield Battery  
  83  5:52  Probe  
  83  5:54  Pylon  
  87  5:58  Adept  
  87  5:59  Adept  
  91  6:06  Probe  
  92  6:12  Probe  
  92  6:15  Oracle  
  91  6:19  Probe  
  91  6:20  Oracle  
  85  6:33  Probe x2  
  85  6:38  Zealot x3, Probe  
  94  6:43  Forge, Oracle  
  94  6:49  Stargate  
  94  6:51  Assimilator  
  94  6:54  Probe x2  
  95  6:56  Shield Battery  
  95  6:57  Shield Battery  
  95  7:08  Oracle  
  98  7:09  Probe x3  
  98  7:11  Oracle  
  98  7:14  Pylon  
  98  7:15  Assimilator  
  98  7:19  Pylon  
  98  7:21  Pylon, Probe  
  102  7:23  Protoss Ground Weapons Level 1  
  102  7:28  Photon Cannon  
  102  7:30  Photon Cannon, Pylon  
  102  7:31  Shield Battery  
  102  7:33  Oracle  
  102  7:34  Pylon  
  102  7:35  Forge  
  102  7:37  Pylon  
  105  7:47  Oracle  
  108  7:55  Zealot x2  
  112  8:08  Pylon  
  112  8:09  Protoss Ground Armor Level 1  
  109  8:23  Oracle x2  
  109  8:24  Probe  
  109  8:25  Probe  
  117  8:28  Nexus  
  117  8:29  Twilight Council  
  117  8:31  Oracle, Pylon  
  117  8:33  Probe  
  121  8:36  Photon Cannon, Shield Battery, Probe  
  121  8:37  Probe  
  121  8:40  Photon Cannon x2  
  121  8:41  Unknown  
  123  8:43  Photon Cannon  
  123  8:45  Probe  
  124  8:49  Probe x2  
  126  8:57  Blink  
  126  9:12  Zealot x3  
  132  9:18  Gateway  
  132  9:20  Gateway  
  132  9:21  Gateway  
  132  9:24  Gateway  
  132  9:25  Gateway  
  132  9:26  Gateway, Robotics Facility  
  132  9:27  Pylon  
  132  9:28  Gateway  
  132  9:36  Sentry  
  132  9:37  Sentry x2  
  138  9:40  Pylon  
  138  9:49  Shield Battery  
  138  9:51  Pylon  
  129  10:03  Sentry x3  
  130  10:17  Stalker x3  
  136  10:24  Stalker x4  
  136  10:26  Stalker  
  136  10:27  Stalker x2  
  148  10:33  Observer  
  149  10:44  Sentry  
  149  10:45  Stalker x2  
  155  10:50  Nexus  
  155  10:51  Stalker x6, Pylon  
  167  10:57  Pylon  
  167  10:58  Stalker  
  167  11:04  Templar Archives  
  159  11:20  Stalker x7  
  159  11:21  Stalker x2  
  149  11:42  Stalker  
  149  11:44  Stalker x3  
  149  11:45  Stalker x5  
  161  11:59  Stalker  
Show
View Real Time Build Order
Export as new Build Order

Sen Zerg 

Build Orders: Hatch First 

Get SALT Encoding   

  12  0:00  Drone  
  13  0:09  Drone  
  14  0:16  Overlord  
  14  0:35  Drone x3  
  17  0:46  Drone  
  18  0:59  Drone  
  18  1:01  Extractor  
  18  1:02  Hatchery  
  17  1:13  Spawning Pool  
  17  1:16  Drone  
  17  1:19  Drone  
  18  1:32  Drone  
  19  1:41  Drone  
  20  1:53  Overlord  
  20  2:00  Queen  
  22  2:01  Metabolic Boost  
  22  2:12  Zergling x2  
  23  2:15  Queen  
  23  2:18  Drone  
  23  2:21  Zergling x2  
  27  2:25  Drone  
  28  2:33  Zergling x2  
  28  2:35  Drone  
  30  2:38  Queen  
  30  2:43  Drone  
  33  2:48  Hatchery  
  32  2:55  Overlord  
  32  3:05  Zergling x2  
  32  3:07  Drone  
  32  3:08  Drone, Zergling x2  
  35  3:18  Drone x3  
  35  3:25  Drone  
  37  3:27  Drone x3  
  37  3:30  Drone  
  39  3:34  Drone  
  39  3:37  Drone  
  41  3:42  Drone  
  41  3:47  Drone  
  43  3:55  Overlord  
  43  3:57  Drone  
  43  4:01  Queen  
  43  4:02  Queen  
  48  4:04  Drone  
  48  4:05  Drone  
  48  4:09  Overlord  
  50  4:18  Drone x2  
  52  4:25  Overlord, Zergling x10  
  52  4:27  Zergling x2  
  57  4:35  Spore Crawler  
  57  4:36  Spore Crawler  
  54  4:39  Spore Crawler  
  51  4:46  Drone  
  51  4:47  Drone x3  
  54  4:53  Drone x4  
  54  4:57  Drone  
  54  4:58  Drone x2  
  59  5:06  Drone, Overlord  
  59  5:09  Drone  
  59  5:10  Drone  
  59  5:12  Drone  
  62  5:19  Lair  
  62  5:22  Roach Warren  
  62  5:24  Overlord  
  60  5:29  Drone x2  
  61  5:36  Drone  
  61  5:37  Drone x6  
  61  5:39  Drone x2  
  61  5:41  Drone  
  71  5:43  Drone, Extractor  
  71  5:44  Drone  
  71  5:48  Drone x3  
  75  5:55  Overlord  
  75  5:58  Extractor  
  75  6:01  Roach x4  
  78  6:07  Roach x2  
  80  6:12  Overlord x2, Zergling x2  
  81  6:23  Roach x2  
  81  6:24  Roach x4  
  86  6:31  Queen x3  
  90  6:39  Drone x9  
  99  6:40  Drone  
  99  6:56  Hatchery  
  99  6:57  Glial Reconstitution  
  99  6:58  Overlord  
  99  6:59  Extractor  
  96  7:06  Overlord x2  
  94  7:15  Overlord  
  94  7:16  Drone  
  94  7:17  Drone  
  94  7:20  Drone x3  
  94  7:22  Evolution Chamber, Queen x2  
  100  7:23  Overlord, Baneling Nest  
  100  7:24  Extractor  
  100  7:25  Drone x2  
  100  7:27  Drone  
  103  7:36  Drone x3  
  105  7:46  Overseer  
  105  7:50  Overlord  
  105  7:51  Zerg Melee Weapons Level 1  
  105  7:52  Roach x3  
  105  7:53  Drone x4  
  105  7:57  Queen  
  117  8:03  Queen x2  
  117  8:04  Unknown  
  118  8:08  Spire  
  118  8:12  Queen  
  115  8:17  Drone x2  
  115  8:18  Drone  
  116  8:24  Drone  
  114  8:28  Drone x4  
  114  8:29  Spore Crawler  
  114  8:32  Centrifical Hooks, Roach x6  
  114  8:33  Drone x8  
  137  8:40  Spore Crawler  
  136  8:43  Queen x2  
  136  8:44  Queen  
  136  8:47  Queen  
  144  8:50  Spore Crawler  
  144  8:51  Spore Crawler  
  136  8:56  Spore Crawler  
  136  9:02  Drone x5  
  132  9:04  Drone, Extractor  
  131  9:10  Drone  
  131  9:11  Drone  
  131  9:16  Overlord  
  133  9:20  Drone  
  134  9:29  Overlord x2  
  134  9:30  Corruptor x4  
  142  9:32  Zerg Flyer Weapons Level 1  
  142  9:34  Overlord x2  
  142  9:35  Corruptor x2  
  146  9:39  Corruptor  
  146  9:43  Corruptor  
  146  9:56  Corruptor x3  
  146  9:57  Corruptor x2  
  142  10:13  Roach x10  
  162  10:19  Roach x4  
  170  10:27  Roach x5  
  170  10:35  Roach x5  
  176  10:42  Zergling x10  
  181  10:44  Ravager x3  
  181  10:48  Evolution Chamber  
  183  10:50  Overlord  
  182  10:59  Overlord  
  182  11:02  Overseer  
  182  11:07  Baneling x10  
  182  11:08  Overlord  
  182  11:16  Roach x8  
  180  11:22  Roach x6  
  174  11:29  Roach x2  
  154  11:35  Roach x2  
  138  11:40  Roach x2  
  138  11:46  Roach x2  
  133  11:53  Roach x2  
Tags
 
Add a new tag
Caveats
  • Supply blocks, unpowered buildings, or Contaminate may cause inaccurate times.
  • Supply counts are checked every 10 seconds.